 Dungeon Crawl Stone Soup version 0.23.2-1-ga50397a (webtiles) character file.

Game seed: 8466166210852346714

65 Ozman the Scratcher (level 3, 0/15 HPs)
             Began as a Felid Transmuter on May 5, 2019.
             Slain by a river rat (9 damage)
             ... in a sewer.
             The game lasted 00:04:35 (1373 turns).

Ozman the Scratcher (Felid Transmuter)              Turns: 1373, Time: 00:04:36

Health: 0/15       AC:  1    Str:  6    XL:     3   Next: 94%
Magic:  7/7        EV: 18    Int: 16    God:
Gold:   128        SH:  0    Dex: 17    Spells: 3/6 levels left
                                        Lives:  0   Deaths: 0

rFire    . . .     SeeInvis +     - Unarmed
rCold    . . .     Gourm    .   (shield unavailable)
rNeg     . . .     Faith    .   (armour unavailable)
rPois    .         Spirit   .   (helmet unavailable)
rElec    .         Reflect  .   (cloak unavailable)
rCorr    .         Harm     .   (gloves unavailable)
MR       .....                  (boots unavailable)
Stlth    +++.......             (no amulet)
HPRegen  0.00/turn              (no ring)
MPRegen  0.10/turn              (no ring)

@: quick
A: very small, no armour, no weapons or thrown items, stealth, claws 1, fangs 3,
see invisible, carnivore, clever 1, speed 1, shaggy fur 1, inhibited
regeneration, slow metabolism 1, sharp paws
a: no special abilities


You were in a sewer.
You were not hungry.

You visited 1 branch of the dungeon, and saw 3 of its levels.
You also visited: Sewer.

You collected 128 gold pieces.

Inventory:

Missiles
 a - 47 arrows
Scrolls
 b - 2 scrolls of amnesia {unknown}
 i - a scroll of fear {unknown}
Comestibles
 c - 3 rations


   Skills:
 - Level 1.0 Fighting
 - Level 2.6 Dodging
 * Level 2.9 Stealth
 - Level 4.0 Unarmed Combat
 - Level 2.0 Spellcasting
 * Level 2.8 Transmutations


You had 3 spell levels left.
You knew the following spells:

 Your Spells              Type           Power        Failure   Level  Hunger
a - Beastly Appendage     Tmut           ##....       6%          1    #......
b - Sticks to Snakes      Tmut           ##......     10%         2    ###....

Your spell library contained the following spells:

 Spells                   Type           Power        Failure   Level  Hunger
 Spider Form              Tmut/Pois      #.........   34%         3    ###....
 Ice Form                 Ice/Tmut       #.......     75%         4    #####..
 Blade Hands              Tmut           ##........   87%         5    ######.


Dungeon Overview and Level Annotations

Branches:
Dungeon (3/15)

Altars:
Vehumet
Xom

Annotations:
D:2 Sigmund


Innate Abilities, Weirdness & Mutations

You cannot wear armour.
You are incapable of wielding weapons or throwing items.
Your paws allow you to move quietly. (Stealth)
You have sharp claws.
You have razor-sharp teeth.
You have supernaturally acute eyesight. (SInv)
You are carnivorous and can eat meat at any time.
You cover ground quickly.
You are covered in fur. (AC +1)
You have a slow metabolism.
Your sharp claws are effective at attacking unaware monsters.
Your mind is acute. (Int +2)
You do not regenerate when monsters are visible.


Message History

You scratch the river rat.
The river rat is severely wounded.
You scratch the river rat. Your bite misses the river rat.
The river rat is almost dead.
The river rat closely misses you.
You scratch the river rat but do no damage.
You claw the river rat, but do no damage.
The river rat is almost dead.
The river rat completely misses you.
You scratch the river rat but do no damage.
The river rat is almost dead.
The river rat bites you.
You scratch the river rat but do no damage.
The river rat is almost dead.
The river rat bites you.
You scratch the river rat but do no damage.
The river rat is almost dead.
The river rat bites you!
Ouch! That really hurt!
You die...

###
#.#
#.#
#.#
#.#
#∩#
#.#
#∩#
#@#
#r#
#.#
#.#
#.#
#.#
#≈#
#≈#


You could see a river rat.

Vanquished Creatures
  A worker ant (D:3)
  An ooze (D:1)
  An orc (D:3)
  2 giant cockroaches
  5 goblins
  4 hobgoblins
  2 jackals (D:2)
  A quokka (D:2)
  3 bats
  7 frilled lizards
  4 kobolds
  8 rats
39 creatures vanquished.

Notes
Turn   | Place    | Note
-------+----------+-------------------------------------------
     0 | D:1      | Ozman the Felid Transmuter began the quest for the Orb.
     0 | D:1      | Reached XP level 1. HP: 9/9 MP: 4/4
   149 | D:2      | Noticed Sigmund
   168 | D:1      | Reached XP level 2. HP: 8/12 MP: 6/6
   179 | D:1      | Learned a level 2 spell: Sticks to Snakes
   312 | D:1      | Reached skill level 1 in Stealth
  1093 | D:2      | Reached skill level 4 in Unarmed Combat
  1109 | D:2      | Reached XP level 3. HP: 12/15 MP: 7/7
  1286 | D:3      | Found a radiant altar of Vehumet.
  1289 | D:3      | Found a shimmering altar of Xom.
  1329 | D:3      | Found a glowing drain.
  1353 | Sewer    | Entered a sewer
  1354 | Sewer    | Gained mutation: You do not regenerate when monsters are
                  | visible. [potion of mutation]
  1354 | Sewer    | Gained mutation: Your mind is acute. (Int +2) [potion of
                  | mutation]
  1373 | Sewer    | Slain by a river rat

Skill      XL: |  1  2  3 |
---------------+----------+-----
Stealth        | 1 2 |  2.9
Unarmed Combat | 4 |  4.0
Fighting       | |  1.0
Dodging        | |  2.6
Spellcasting   | |  2.0
Transmutations | |  2.8

Action                   || total
-------------------------++-------
Melee: Unarmed           ||   127
       Bite              ||     7
       Punch             ||     2
  Use: Scroll            ||     5
       Potion            ||     3
 Stab: Sleeping          ||     3
       Distracted        ||     1
Armor: Skin              ||     3
Dodge: Dodged            ||    80
